 Dungeon Crawl Stone Soup version 0.20.0-15-g7f486f2 (webtiles) character file.

10126 vishdafish the Covert (level 11, -2/100 HPs)
             Began as a Naga Fighter on June 29, 2017.
             Was an Elder of Cheibriados.
             Slain by a yak (16 damage)
             ... on level 9 of the Dungeon.
             The game lasted 00:23:01 (10874 turns).

vishdafish the Covert (Naga Fighter)               Turns: 10874, Time: 00:23:02

Health: -2/100     AC: 11    Str: 29    XL:     11   Next: 57%
Magic:  15/15      EV: 13    Int: 21    God:    Cheibriados [****..]
Gold:   634        SH: 12    Dex: 24    Spells: 10/10 levels left

rFire    . . .     SeeInvis +   L - +2 short sword (elec)
rCold    + . .     Gourm    .   c - +0 shield
rNeg     . . .     Faith    .   F - +2 leather armour of Kinlul {rC+ Slay+2}
rPois    +         Spirit   .   G - +0 helmet
rElec    .         Reflect  .   t - +0 cloak
rCorr    .         Harm     .   J - +0 pair of gloves
MR       +....                  (no barding)
Stlth    ++++++....             (no amulet)
Regen    0.3/turn               w - +3 ring of intelligence
MPRegen  0.2/turn               N - ring of poison resistance

@: very slow
A: see invisible, deformed body, poison resistance, slowness 2, slow metabolism
1, spit poison 1, AC +3
a: Spit Poison, Bend Time, Temporal Distortion, Slouch, Renounce Religion


You were on level 9 of the Dungeon.
You worshipped Cheibriados.
Cheibriados was greatly pleased with you.
You were not hungry.

You visited 2 branches of the dungeon, and saw 10 of its levels.
You also visited: Sewer.

You collected 634 gold pieces.

Inventory:

Hand Weapons
 a - a +0 rapier
 l - the +7 captain's cutlass {speed, disarm}
   (You found it on level 8 of the Dungeon)

   Attacks with this weapon are significantly faster.
   Cheibriados disapproves of the use of such an item.
 m - a +0 dagger of draining
 L - a +2 short sword of electrocution (weapon)
Armour
 b - a +0 scale mail
 c - a +0 shield (worn)
 t - a +0 cloak (worn)
 y - the +2 robe of the Dungeon {+Fly Dex+2}
   (You found it in a sewer)

   It affects your dexterity (+2).
   It lets you fly.
 F - the +2 leather armour of Kinlul (worn) {rC+ Slay+2}
   (You found it on level 5 of the Dungeon)

   It affects your accuracy and damage with ranged weapons and melee attacks
   (+2).
   It protects you from cold.
 G - a +0 helmet (worn)
 J - a +0 pair of gloves (worn)
Jewellery
 h - an uncursed amulet of rage
 q - an uncursed ring of ice
 w - a +3 ring of intelligence (left hand)
 N - a ring of poison resistance (right hand)
Wands
 E - a wand of clouds (2/9)
Scrolls
 d - a scroll of magic mapping
 e - 2 scrolls of noise
 i - 3 scrolls of teleportation
 k - 4 scrolls of remove curse
 r - 2 scrolls of recharging
 s - 3 scrolls of fear {unknown}
 u - 3 scrolls of fog
 v - 3 scrolls of amnesia {unknown}
 x - a scroll of immolation {unknown}
 D - a scroll of blinking {unknown}
 H - a scroll of enchant armour {unknown}
 I - 2 scrolls of random uselessness {unknown}
Potions
 g - 5 potions of curing
 p - a potion of mutation
 z - 3 potions of haste
 A - a potion of berserk rage
 B - a potion of brilliance {unknown}
 K - 4 potions of cancellation
 M - 2 potions of ambrosia
 O - a potion of agility {unknown}
Comestibles
 f - 4 bread rations
 j - 3 meat rations
 o - 2 royal jellies
 C - 11 fruits


   Skills:
 + Level 7.3 Fighting
 + Level 6.6 Short Blades
 + Level 5.9 Armour
 + Level 5.2 Dodging
 * Level 13.9 Stealth
 + Level 5.8 Shields
 + Level 5.4 Invocations


You had 10 spell levels left.
You didn't know any spells.

Dungeon Overview and Level Annotations

Branches:
Dungeon (9/15)             Temple (1/1) D:6
   Lair: D:8-11         Orc: D:9-12

Altars:
Ashenzari
Cheibriados
Dithmenos
Elyvilon
Fedhas
Gozag
Hepliaklqana
Kikubaaqudgha
Makhleb
Nemelex Xobeh
Okawaru
Qazlal
Ru
Sif Muna
Trog
Uskayaw
Vehumet
Xom
Yredelemnul
Zin
The Shining One

Annotations:
D:7 plum's ghost, novice TrHu


Innate Abilities, Weirdness & Mutations

You cannot wear boots.
Your serpentine skin is tough. (AC +3)
You have supernaturally acute eyesight. (SInv)
Armour fits poorly on your strangely shaped body.
Your system is resistant to poisons. (rPois)
You cover ground very slowly.
You have a slow metabolism.
You can spit poison.


Message History

Cheibriados thoroughly appreciates the change of pace.
The yak gores you but does no damage.
You hit the yak but do no damage. The yak closely misses you.
You puncture the yak!
The yak is moderately wounded.
The yak completely misses you. You block the yak's attack.
You puncture the yak! Lightning courses through the yak!
The yak is severely wounded.
The yak gores you but does no damage. The yak misses you.
You puncture the yak!
You kill the yak!
Cheibriados appreciates the change of pace.
The yak gores you!
* * * LOW HITPOINT WARNING * * *
You hit the yak.
The yak is heavily wounded.
You block the yak's attack. The yak gores you!
* * * LOW HITPOINT WARNING * * *
You feel better. The yak gores you!
You die...

#..# 8## #................
##..##8.. .?8##................
....##.... ...##................
....#_.... ...>#......##'#+##..#
....##.... ..##......#YYY..##+#
....##8... .8##......#.........
##+## ##8# ## #......#.........
...##############Y.....#.........
...#............@Y.....#....?....
...#............####...#.........
####...####.(...# #...##########
.......# #.....# #.............
.......# #....(# #.............
..###### #.....# #.............
### ####### ##############


You could see 2 yaks.

Vanquished Creatures
  Erolcha (D:9)
  4 two-headed ogres
  2 trolls (D:9)
  14 yaks
  A hungry ghost (D:9)
  Duvessa (D:5)
  An orc warrior (D:8)
  A black bear (D:9)
  3 ogres
  A necrophage (D:6)
  2 sky beasts (D:8)
  A phantom (D:5)
  An eye of draining (D:9)
  5 centaurs
  A crocodile (Sewer)
  A big kobold (D:7)
  5 bullfrogs
  A gnoll sergeant (D:8)
  Dowan (D:5)
  2 scorpions
  7 killer bees (D:9)
  5 wights (D:8)
  3 howler monkeys
  A lava snake (D:8)
  6 crimson imps
  6 hounds
  2 bullfrog zombies
  3 orc priests
  A jelly (D:5)
  4 orc wizards
  A bullfrog skeleton (D:9)
  Crazy Yiuf (D:2)
  3 iguanas
  Natasha (twice) (D:4)
  14 worker ants
  A howler monkey zombie (D:5)
  A worker ant zombie (D:5)
  14 adders
  12 gnolls
  3 howler monkey skeletons
  5 shadow imps
  An ooze (D:4)
  4 adder skeletons
  3 worms
  2 dart slugs
  7 leopard geckos
  17 orcs
  3 ball pythons
  7 giant cockroaches
  9 goblins
  11 hobgoblins
  9 jackals
  6 quokkas
  16 bats
  3 frilled lizards
  7 kobolds
  A leopard gecko zombie (D:5)
  A quokka skeleton (D:7)
  A quokka zombie (D:5)
  18 rats
270 creatures vanquished.

Vanquished Creatures (others)
  A centaur skeleton (D:7)
1 creature vanquished.

Grand Total: 271 creatures vanquished

Notes
Turn   | Place    | Note
-------+----------+-------------------------------------------
     0 | D:1      | vishdafish the Naga Fighter began the quest for the Orb.
     0 | D:1      | Reached XP level 1. HP: 21/21 MP: 1/1
    49 | D:1      | Reached skill level 1 in Stealth
    95 | D:1      | Reached XP level 2. HP: 27/28 MP: 2/2
   426 | D:1      | Reached skill level 2 in Stealth
   426 | D:1      | Reached XP level 3. HP: 34/34 MP: 3/3
   839 | D:2      | Found a runed door.
   881 | D:2      | Noticed Crazy Yiuf
   891 | D:2      | Killed Crazy Yiuf
   891 | D:2      | Reached skill level 3 in Stealth
   891 | D:2      | Reached XP level 4. HP: 16/42 MP: 4/4
  1177 | D:2      | Reached skill level 1 in Dodging
  1242 | D:2      | Found a basalt altar of Yredelemnul.
  1653 | D:3      | Reached XP level 5. HP: 42/49 MP: 5/5
  2287 | D:3      | Reached skill level 4 in Stealth
  2616 | D:3      | Reached XP level 6. HP: 46/56 MP: 6/6
  2902 | D:4      | Noticed Natasha
  2920 | D:4      | Killed Natasha
  2920 | D:4      | Reached skill level 5 in Stealth
  3066 | D:4      | Found a glowing drain.
  3070 | Sewer    | Entered a sewer
  3156 | Sewer    | Reached XP level 7. HP: 49/64 MP: 7/7
  3239 | Sewer    | Got a sheer robe
  3250 | Sewer    | Identified the +2 robe of the Dungeon {+Fly Dex+2} (You found it in a sewer)
  3434 | D:4      | Reached skill level 6 in Stealth
  3563 | D:4      | Noticed Natasha
  4119 | D:4      | Killed Natasha
  4231 | D:4      | Found a burning altar of Makhleb.
  4408 | D:5      | Entered Level 5 of the Dungeon
  4424 | D:5      | Reached skill level 7 in Stealth
  4476 | D:5      | Noticed Duvessa
  4476 | D:5      | Noticed Dowan
  4505 | D:5      | Killed Duvessa
  4505 | D:5      | Reached XP level 8. HP: 41/73 MP: 8/8
  4520 | D:5      | Killed Dowan
  4934 | D:5      | Reached skill level 8 in Stealth
  4940 | D:5      | Got an encrusted leather armour
  4951 | D:5      | Identified the +2 leather armour of Kinlul {rC+ Slay+2} (You found it on level 5 of the Dungeon)
  4962 | D:5      | Found an ancient bone altar of Kikubaaqudgha.
  5533 | D:6      | Reached skill level 5 in Fighting
  5735 | D:6      | Found a staircase to the Ecumenical Temple.
  5751 | Temple   | Entered the Ecumenical Temple
  5847 | Temple   | Became a worshipper of Cheibriados the Contemplative
  6269 | D:6      | Reached skill level 9 in Stealth
  6269 | D:6      | Reached skill level 1 in Invocations
  6383 | D:6      | Reached XP level 9. HP: 34/80 MP: 9/9
  6876 | D:6      | Found a sacrificial altar of Ru.
  7040 | D:7      | Noticed plum's ghost (novice TrHu)
  7791 | D:7      | Reached * piety under Cheibriados
  8405 | D:8      | Noticed a two-headed ogre
  8425 | D:8      | Killed a two-headed ogre
  8425 | D:8      | Reached skill level 5 in Short Blades
  8425 | D:8      | Reached skill level 10 in Stealth
  8452 | D:8      | HP: 4/82 [yak (6)]
  8482 | D:8      | Reached skill level 11 in Stealth
  8482 | D:8      | Reached XP level 10. HP: 21/91 MP: 12/12
  8485 | D:8      | Reached skill level 5 in Armour
  8999 | D:8      | Reached ** piety under Cheibriados
  9000 | D:8      | Found a basalt altar of Yredelemnul.
  9088 | D:8      | Reached skill level 5 in Shields
  9218 | D:8      | Noticed a two-headed ogre
  9377 | D:8      | Killed a two-headed ogre
  9381 | D:8      | Reached skill level 12 in Stealth
  9422 | D:8      | Found a glowing golden altar of the Shining One.
  9635 | D:8      | Reached *** piety under Cheibriados
  9726 | D:8      | Noticed a two-headed ogre
  9736 | D:8      | Killed a two-headed ogre
  9957 | D:9      | Noticed a two-headed ogre
  9966 | D:9      | Killed a two-headed ogre
  9966 | D:9      | Reached XP level 11. HP: 73/99 MP: 14/14
 10093 | D:9      | Noticed Erolcha
 10094 | D:9      | Killed Erolcha
 10094 | D:9      | Reached skill level 5 in Dodging
 10094 | D:9      | Reached skill level 13 in Stealth
 10320 | D:9      | Reached skill level 5 in Invocations
 10589 | D:9      | Reached **** piety under Cheibriados
 10708 | D:9      | Found a bloodstained altar of Trog.
 10873 | D:9      | HP: 4/100 [yak (9)]
 10874 | D:9      | Slain by a yak

Skill      XL: |  1  2  3  4  5  6  7  8  9 10 11 |
---------------+----------------------------------+-----
Stealth        | 1 2 3 4 5 7 9 11 12 13 | 13.9
Dodging        | 1 2 3 4 5 |  5.2
Short Blades   | 3 4 5 6 |  6.6
Armour         | 3 4 5 |  5.9
Shields        | 3 4 5 |  5.8
Fighting       | 4 5 6 7 |  7.3
Invocations    | 1 3 4 5 |  5.4

Action                   |  1- 3 |  4- 6 |  7- 9 | 10-12 || total
-------------------------+-------+-------+-------+-------++-------
Melee: Rapier            |    69 |       |       |       ||    69
       Dagger            |    42 |   359 |   513 |   140 ||  1054
       Short sword       |       |       |       |   233 ||   233
Invok: Bend Time         |       |       |     1 |     2 ||     3
 Abil: Spit Poison       |       |     2 |       |       ||     2
  Use: Scroll            |       |       |     6 |     6 ||    12
       Potion            |       |       |     4 |     1 ||     5
 Stab: Sleeping          |       |     1 |    20 |    10 ||    31
       Distracted        |       |       |     3 |     1 ||     4
  Eat: Chunk             |       |     4 |     6 |     2 ||    12
       Royal jelly       |       |     1 |       |       ||     1
       Meat ration       |       |       |     2 |     1 ||     3
Armor: Scale mail        |    38 |   158 |       |       ||   196
       Robe              |       |       |    45 |       ||    45
       Leather armour    |       |       |    54 |    85 ||   139
Dodge: Dodged            |    23 |    98 |   142 |    98 ||   361
Block: Shield            |    51 |   167 |   173 |   182 ||   573
